AoeStats
← ZhekaZheskach

Arena

508302880Analyzed
1v1 RM · 11d ago on Sep 21, 2026· 66m 43s· 2 players
Game mode
Random Map
Map size
Tiny (2 player)
Population
200
Speed
Normal
Resources
Standard
Victory
Conquest
Starting age
Dark Age
Ending age
Imperial Age
RankedLock teamsTeams togetherTeam positionsShared explorationLock speedFull tech treeHidden civsTurbo modeCheats
Victory
Defeat
🇷🇺 Bohemians · Russia
733
+16
🇪🇸 Spanish · Spain
732
-16
alvaro.garcia.lopez44
9:31 Feudal Age
9:56 Double-Bit Axe
11:10 Horse Collar
14:05 Gold Mining
20:36 Castle Age
19:33 Bloodlines
20:00 Scale Barding Armor
20:38 Town Watch
22:38 Fletching
22:54 Husbandry
23:21 Bow Saw
25:09 Bodkin Arrow
28:43 Wheelbarrow
29:51 Hand Cart
29:22 Loom
30:55 Chain Barding Armor
30:46 Forging
30:50 Light Cavalry
34:29 Town Patrol
35:24 Iron Casting
35:15 Heavy Plow
38:44 Imperial Age
37:12 Masonry
37:29 Pikeman
40:32 Chemistry
39:55 Ballistics
39:33 Murder Holes
39:13 Cavalier
39:16 Halberdier
40:20 Hussar
41:39 Plate Barding Armor
41:05 Bracer
44:31 Hoardings
46:10 Architecture
45:52 Fortified Wall
47:31 Conscription
48:52 Blast Furnace
50:17 Paladin
ZhekaZheskach
11:33 Feudal Age
17:01 Castle Age
14:52 Double-Bit Axe
15:07 Horse Collar
16:03 Fletching
18:02 Bodkin Arrow
18:38 Town Watch
19:28 Fervor
20:39 Loom
26:18 Sanctity
28:58 Pikeman
34:39 Imperial Age
32:44 Heavy Plow
32:55 Squires
33:46 Forging
35:06 Chemistry
34:28 Ballistics
35:19 Iron Casting
34:55 Town Patrol
35:42 Wheelbarrow
35:27 Bow Saw
35:32 Halberdier
35:58 Arson
37:11 Conscription
37:23 Hand Cart
36:43 Elite Skirmisher
38:55 Elite Hussite Wagon
39:43 Hussite Reforms
41:06 Wagenburg Tactics
42:13 Houfnice
42:56 Bracer
43:57 Blast Furnace
42:58 Scale Mail Armor
43:00 Padded Archer Armor
43:18 Murder Holes
43:28 Siege Engineers
43:35 Masonry
43:36 Fortified Wall
62:44 Two-Man Saw
62:02 Herbal Medicine
62:09 Atonement
62:20 Redemption
62:11 Devotion
62:27 Block Printing
62:38 Illumination
62:34 Heresy
64:33 Theocracy
Connection lost

Rejoining the realm…

Still unreachable

The connection could not be restored.

Session expired

The server has moved on; the page needs a fresh start.